 Dungeon Crawl Stone Soup version 0.29.1-debian-1-gc3f1650bb9 (webtiles) character file.

Game seed: 9239112876024482480

25183 jlumianski the Cruncher (level 12, -4/94 HPs)
             Began as a Demonspawn Gladiator on Sept 12, 2022.
             Was an Elder of Qazlal.
             Slain by an ogre
             ... wielding a +0 giant spiked club
             ... led by an orc knight
              (28 damage)
             ... on level 1 of the Orcish Mines.
             The game lasted 01:00:51 (16333 turns).

jlumianski the Cruncher (Demonspawn Gladiator)     Turns: 16333, Time: 01:00:52

Health: -4/94      AC: 23    Str: 19    XL:     12   Next: 87%
Magic:  14/18      EV:  4    Int: 11    God:    Qazlal [****..]
Gold:   1085       SH:  0    Dex: 14    Spells: 11/11 levels left

rFire   . . .      SeeInvis +   m - +6 lajatang (vorpal)
rCold   . . .      Faith    .   (shield currently unavailable)
rNeg    . . .      Spirit   .   M - +4 plate armour "Belehat" {rPois}
rPois   +          Reflect  +   (helmet restricted)
rElec   .          Harm     .   O - +0 cloak
rCorr   .          Rampage  .   T - +2 pair of gloves
Will    +....                   (no boots)
Stlth   ..........              g - amulet of reflection
HPRegen 0.25/turn               l - ring of willpower
MPRegen 0.16/turn               J - ring of see invisible

@: marked, held, studying Unarmed Combat, repel missiles
A: horns 2, demonic guardian 1, sharp scales 1, condensation shield
a: Renounce Religion, Upheaval, Elemental Force


You were on level 1 of the Orcish Mines.
You worshipped Qazlal.
Qazlal was greatly pleased with you.
You visited 4 branches of the dungeon, and saw 17 of its levels.
You also visited: Ossuary.

You collected 1085 gold pieces.

Inventory:

Hand Weapons
 a - the +11 sling "Orb Guardian's Bane" {flame, *Slow MP+9 Str+2}
   (You found it on level 9 of the Dungeon)

   Any ammunition fired from it burns those it strikes, dealing additional fire
   damage.
   Str:       It affects your strength (+2).
   MP:        It affects your magic capacity (+9).
   *Slow:     It may slow you when you take damage.
 m - a +6 vorpal lajatang (weapon)
 n - a +3 scimitar of flaming
Missiles
 d - 3 throwing nets
 e - a javelin
 u - 10 boomerangs
 A - 6 curare-tipped darts
 E - 11 poisoned darts (quivered)
Armour
 M - the +4 plate armour "Belehat" (worn) {rPois}
   (You found it in an ossuary)

   rPois:     It protects you from poison.
 O - a +0 cloak (worn)
 T - a +2 pair of gloves (worn)
Jewellery
 g - an amulet of reflection (around neck)
 l - a ring of willpower (left hand)
 s - a ring of flight
 J - a ring of see invisible (right hand)
Wands
 t - a wand of light (6)
 w - a wand of paralysis (6)
 K - a wand of digging (6)
Scrolls
 o - 10 scrolls of teleportation
 y - a scroll of fear
 B - a scroll of blinking
 P - 2 scrolls of butterflies
Potions
 c - 2 potions of haste
 f - a potion of mutation
 i - 7 potions of curing
 r - 4 potions of heal wounds
 x - 2 potions of attraction
 C - 3 potions of flight
 R - 2 potions of might
Miscellaneous
 b - a tin of tremorstones (inert)
 L - a phial of floods


   Skills:
 + Level 8.6 Fighting
 + Level 3.1 Axes
 + Level 0.3(8.1) Maces & Flails
 + Level 12.3 Staves
 - Level 2.2 Throwing
 + Level 8.4 Armour
 + Level 4.2 Dodging
 + Level 1.9 Stealth
 + Level 6.3 Shields
 * Level 8.2 Invocations
 * Level 6.3 Evocations


You had 11 spell levels left.
You didn't know any spells.
Your spell library contained the following spells:

 Spells                   Type           Power      Damage    Failure   Level
 Necrotise                Necr           0%         1d4       100%        1
 Sandblast                Erth           0%         2d4       100%        1
 Shock                    Conj/Air       0%         1d3       100%        1
 Summon Small Mammal      Summ           0%         N/A       100%        1
 Ensorcelled Hibernation  Hex/Ice        0%         N/A       100%        2
 Scorch                   Fire           0%         2d5       100%        2
 Static Discharge         Conj/Air       0%         3-3/arc   100%        2
 Call Canine Familiar     Summ           0%         N/A       100%        3
 Frozen Ramparts          Ice            0%         1d1       100%        3
 Portal Projectile        Hex/Tloc       0%         N/A       100%        3
 Spider Form              Tmut/Pois      0%         N/A       100%        3
 Summon Guardian Golem    Hex/Summ       0%         N/A       100%        3
 Swiftness                Air            0%         N/A       100%        3
 Tukima's Dance           Hex            0%         N/A       100%        3
 Vampiric Draining        Necr           0%         2d6       100%        3
 Airstrike                Air            0%         2d(0-16)  100%        4
 Anguish                  Hex/Necr       0%         N/A       100%        4
 Dispel Undead            Necr           0%         3d6       100%        4
 Flame Wave               Conj/Fire      0%         2d4       100%        4
 Fulminant Prism          Conj/Hex       0%         3d6       100%        4
 Ice Form                 Ice/Tmut       0%         N/A       100%        4
 Iskenderun's Mystic Bla  Conj/Tloc      0%         2d3       100%        4
 Leda's Liquefaction      Hex/Erth       0%         N/A       100%        4
 Sticky Flame             Conj/Fire      0%         2d3       100%        4
 Summon Ice Beast         Ice/Summ       0%         N/A       100%        4
 Summon Lightning Spire   Summ/Air       0%         N/A       100%        4
 Agony                    Necr           0%         N/A       100%        5
 Blade Hands              Tmut           0%         N/A       100%        5
 Lee's Rapid Deconstruct  Erth           0%         3d5*      100%        5
 Lightning Bolt           Conj/Air       0%         1d11      100%        5
 Summon Forest            Summ/Tloc      0%         N/A       100%        5
 Summon Mana Viper        Hex/Summ       0%         N/A       100%        5
 Summon Cactus Giant      Summ           0%         N/A       100%        6
 Spellforged Servitor     Conj/Summ      0%         N/A       100%        7
 Summon Horrible Things   Summ           0%         N/A       100%        8


Dungeon Overview and Level Annotations

Branches:
Dungeon (14/15)            Temple (1/1) D:7            Lair (1/5) D:9
    Orc (1/2) D:9         Ossuary (visited)
 Vaults: D:13-14

Altars:
Ashenzari
Cheibriados
Dithmenos
Fedhas
Gozag
Hepliaklqana
Makhleb
Nemelex Xobeh
Okawaru
Qazlal
Ru
Sif Muna
Trog
Uskayaw
Vehumet
Wu Jian
Xom
Yredelemnul

Shops:
D:7 =

Annotations:
D:6 1 runed translucent door
Orc:1 Harold


Innate Abilities, Weirdness & Mutations

You have a pair of horns on your head.
A weak demonic guardian rushes to your aid.
You are partially covered in razor-sharp scales. (AC +1, Slay +1)
A meltable shield of frost defends you. (SH +4)


Message History

The ogre is lightly wounded.
The orc knight is no longer paralysed.
Your air elemental fires a burst of electricity at the orc knight.
The stunning burst misses the orc knight.
The ogre hits you but does no damage.
Your air elemental hits the orc knight but does no damage.
You block the orc warrior's attack.
The orc knight roars a battlecry!
The orcs go into a battle-frenzy!
You block the orc priest's attack. You block the orc warrior's attack.
Harold hits you but does no damage.
You barely miss the ogre. You headbutt the ogre.
The ogre is lightly wounded.
Your air elemental hits the orc knight.
Your air elemental closely misses the orc knight.
Really release a tremorstone near your air elemental?
The tremorstone explodes into fragments!
The burst of rock shards engulfs the orc warrior.
The burst of rock shards engulfs the orc priest!
You kill the orc priest!
Qazlal accepts your kill.
The burst of rock shards engulfs your air elemental!!
The burst of rock shards engulfs you but does no damage.
The burst of rock shards engulfs the orc warrior!!
You kill the orc warrior!
Qazlal accepts your kill.
The burst of rock shards engulfs the orc warrior.
The burst of rock shards engulfs the orc warrior!
You kill the orc warrior!
Qazlal accepts your kill.
The burst of rock shards engulfs your air elemental!!
You destroy your air elemental!
Your air elemental disappears in a puff of smoke!
The burst of rock shards engulfs you but does no damage.
The tin is emptied!
The orc knight shouts!
Harold throws a throwing net.
The throwing net hits you.
You become entangled in the net!
The ogre hits you with a +0 giant spiked club!!
You die...

...... ##
........
##.####....#...#
#....$#.....#...
#..............
##...$.......#
.#.......§...####
.......O§)......#
.......o@°>......
......)§))#..#..#
.$#...$§>)@...#
.#.....)..#...#
##.$........##
....^...$...#
##.#........#
#.........##
........##


You could see Harold, an orc knight and an ogre.

Vanquished Creatures
  4 boulder beetles
  A hydra (D:12)
  3 two-headed ogres
  3 centaur warriors (D:13)
  The ghost of relicbr the Arsonist, a novice DEFE of Vehumet (D:9)
  The ghost of Newt the Cutter, a novice DrMo of Dithmenos (D:6)
  A deep elf pyromancer (D:12)
  An orc sorcerer (Orc:1)
  4 ugly things
  4 manticores
  2 gargoyles (D:12)
  4 unseen horrors
  Maggie (D:8)
  A kobold demonologist (D:12)
  2 komodo dragons
  An efreet (D:13)
  4 trolls
  Grinder (D:5)
  3 shadows
  Sigmund (D:6)
  15 yaks
  A wraith (D:11)
  3 wyverns (D:9)
  A basilisk (D:10)
  A human (shapeshifter) (D:13)
  2 vampires (D:12)
  Menkaure (D:6)
  Edmund (D:6)
  6 vampire mosquitoes
  2 acid dragons
  2 water moccasins (D:9)
  6 orc warriors
  A sky beast (D:5)
  9 centaurs
  2 ogres
  A phantom (D:3)
  A kobold brigand (D:7)
  A necrophage (D:6)
  3 bullfrogs (D:5)
  A gnoll sergeant (D:5)
  6 scorpions
  4 wights (D:8)
  7 killer bees
  5 howler monkeys
  A human zombie (Ossuary)
  7 hounds
  2 jellies (D:5)
  3 gnoll boudas
  13 orc priests
  4 iguanas
  7 orc wizards
  2 human simulacra (D:10)
  5 mummies
  22 gnolls
  6 adders
  2 shadow imps
  3 white imps
  2 adder zombies (Ossuary)
  3 worms
  42 orcs
  A bat (D:3)
  6 endoplasms
  2 giant cockroaches
  A gnoll zombie (Ossuary)
  10 goblins
  6 hobgoblins
  6 jackals
  2 quokkas
  5 ball pythons
  A frilled lizard (D:1)
  A goblin zombie (Ossuary)
  A jackal zombie (Ossuary)
  9 kobolds
  2 kobold zombies (Ossuary)
  2 orc zombies (Ossuary)
  5 rats
  2 rat zombies (Ossuary)
311 creatures vanquished.

Vanquished Creatures (collateral kills)
  A cyclops (D:11)
  2 orcs (Orc:1)
3 creatures vanquished.

Vanquished Creatures (others)
  An angel (D:10)
  6 fungi (D:9)
  33 plants
40 creatures vanquished.

Grand Total: 354 creatures vanquished

Notes
Turn   | Place    | Note
-------+----------+-------------------------------------------
     0 | D:1      | jlumianski the Demonspawn Gladiator began the quest for the
                  | Orb.
     0 | D:1      | Reached XP level 1. HP: 16/16 MP: 1/1
   260 | D:1      | Gained mutation: You are partially covered in razor-sharp
                  | scales. (AC +1, Slay +1) [demonic ancestry]
   260 | D:1      | Reached XP level 2. HP: 22/22 MP: 2/2
   757 | D:2      | Got the Disquisition on Arenous Summoning
  1471 | D:2      | Reached XP level 3. HP: 17/27 MP: 3/3
  1693 | D:2      | Reached skill level 1 in Staves
  2205 | D:2      | Found a faded altar of an unknown god.
  2592 | D:3      | Reached XP level 4. HP: 33/33 MP: 4/4
  2722 | D:4      | Found a shimmering blue altar of Sif Muna.
  2840 | D:3      | Reached skill level 2 in Staves
  2940 | D:3      | Identified the +0 robe "Awedul" {rF- Will+ Int+2 Dex+2}
  3019 | D:4      | Noticed a phantom
  3033 | D:3      | Killed a phantom
  3034 | D:3      | Reached skill level 1 in Armour
  3034 | D:3      | Reached XP level 5. HP: 38/39 MP: 5/5
  3361 | D:3      | Reached skill level 3 in Staves
  3596 | D:3      | Reached XP level 6. HP: 34/46 MP: 6/6
  3855 | D:4      | Found a hazy altar of Hepliaklqana.
  3963 | D:5      | Entered Level 5 of the Dungeon
  4099 | D:5      | Found a snail-covered altar of Cheibriados.
  4204 | D:4      | Found a sparkling altar of Nemelex Xobeh.
  4700 | D:5      | Reached skill level 4 in Staves
  4700 | D:5      | Reached skill level 1 in Shields
  4955 | D:5      | Reached XP level 7. HP: 36/52 MP: 7/7
  5421 | D:5      | Reached skill level 5 in Staves
  6076 | D:5      | Noticed Grinder
  6082 | D:5      | Killed Grinder
  6083 | D:5      | Gained mutation: You have a pair of small horns on your
                  | head. [demonic ancestry]
  6083 | D:5      | Reached XP level 8. HP: 43/60 MP: 8/8
  6084 | D:5      | Found a basalt altar of Yredelemnul.
  6406 | D:5      | Found a shadowy altar of Dithmenos.
  6450 | D:5      | Reached skill level 6 in Staves
  6940 | D:6      | Noticed Menkaure
  7095 | D:6      | Killed Menkaure
  7096 | D:6      | Reached skill level 1 in Stealth
  7367 | D:6      | Noticed Sigmund
  7393 | D:6      | Killed Sigmund
  7570 | D:5      | Reached skill level 7 in Staves
  7799 | D:6      | Noticed Edmund
  7814 | D:7      | Found a staircase to the Ecumenical Temple.
  7841 | Temple   | Entered the Ecumenical Temple
  7979 | Temple   | Became a worshipper of Qazlal Stormbringer
  8005 | Temple   | Reached XP level 9. HP: 66/66 MP: 9/9
  8222 | D:6      | Found a burning altar of Makhleb.
  8222 | D:6      | Found an iron altar of Okawaru.
  8233 | D:6      | Reached skill level 8 in Staves
  8246 | D:6      | Killed Edmund
  8418 | D:6      | Reached * piety under Qazlal
  8450 | D:6      | Found a runed translucent door.
  8453 | D:6      | Noticed Newt's ghost (novice DrMo)
  8512 | D:6      | Found a runed translucent door.
  8699 | D:5      | Reached skill level 5 in Armour
  9097 | D:6      | Killed Newt's ghost
  9098 | D:6      | Reached skill level 5 in Fighting
  9184 | D:7      | Found Paeddup's Jewellery Boutique.
  9352 | D:7      | Found a hide-covered altar of Uskayaw.
  9527 | D:7      | Found an ornate altar of the Wu Jian Council.
  9754 | D:8      | Found a sand-covered staircase.
  9768 | Ossuary  | Entered an ossuary
  9887 | Ossuary  | Identified the +4 plate armour "Belehat" {rPois}
 10158 | D:8      | Reached ** piety under Qazlal
 10162 | D:8      | Reached skill level 9 in Staves
 10262 | D:9      | Found a staircase to the Orcish Mines.
 10309 | D:8      | Found a blossoming altar of Fedhas.
 10309 | D:8      | Found a broken altar of Ashenzari.
 10353 | D:8      | Noticed Maggie
 10358 | D:8      | Killed Maggie
 10359 | D:8      | Gained mutation: A meltable shield of frost defends you.
                  | (SH +4) [demonic ancestry]
 10359 | D:8      | Reached XP level 10. HP: 67/74 MP: 10/10
 10787 | D:9      | Reached skill level 1 in Invocations
 10806 | D:9      | Reached skill level 1 in Evocations
 10812 | D:9      | Reached skill level 10 in Staves
 10847 | D:9      | Reached *** piety under Qazlal
 11091 | D:9      | Found a staircase to the Lair.
 11133 | D:10     | Entered Level 10 of the Dungeon
 11186 | D:9      | Noticed a two-headed ogre
 11199 | D:9      | Killed a two-headed ogre
 11216 | D:9      | Identified the +11 sling "Orb Guardian's Bane" {flame,
                  | *Slow MP+9 Str+2}
 11249 | D:9      | Noticed a boulder beetle
 11260 | D:9      | Killed a boulder beetle
 11261 | D:9      | Gained mutation: You have a pair of horns on your head.
                  | [demonic ancestry]
 11261 | D:9      | Reached XP level 11. HP: 65/83 MP: 13/13
 11945 | D:10     | Found a runed translucent gate.
 11945 | D:10     | Found a runed translucent gate.
 11945 | D:10     | Found a runed translucent gate.
 11946 | D:10     | Found an opulent altar of Gozag.
 11947 | D:10     | Noticed relicbr's ghost (novice DEFE)
 12098 | D:10     | Found a shimmering altar of Xom.
 12098 | D:10     | Noticed an angel
 12127 | D:10     | Noticed a two-headed ogre
 12143 | D:10     | Killed a two-headed ogre
 12227 | D:10     | Killed an angel
 12591 | D:10     | Found a bloodstained altar of Trog.
 12875 | D:9      | Killed relicbr's ghost
 12876 | D:9      | Reached skill level 5 in Invocations
 12977 | D:11     | Noticed a boulder beetle
 13001 | D:11     | Killed a boulder beetle
 13002 | D:11     | Reached skill level 11 in Staves
 13335 | D:11     | Noticed a boulder beetle
 13358 | D:11     | Killed a boulder beetle
 13595 | D:11     | Noticed a red ugly thing
 13603 | D:11     | Killed a red ugly thing
 14249 | D:12     | Noticed a deep elf pyromancer
 14249 | D:12     | Noticed a six-headed hydra
 14255 | D:12     | Killed a deep elf pyromancer
 14266 | D:12     | Killed a six-headed hydra
 14267 | D:12     | Reached skill level 5 in Evocations
 14267 | D:12     | Gained mutation: A weak demonic guardian rushes to your
                  | aid. [demonic ancestry]
 14267 | D:12     | Reached XP level 12. HP: 53/92 MP: 16/16
 14543 | D:12     | Reached **** piety under Qazlal
 14611 | D:12     | Reached skill level 5 in Shields
 15346 | D:13     | Noticed a two-headed ogre
 15355 | D:13     | Killed a two-headed ogre
 15364 | D:13     | Upgraded the game from 0.30-a0-58-gc0703345a7 to
                  | 0.29.1-debian-1-gc3f1650bb9
 15394 | D:13     | Noticed a centaur warrior
 15397 | D:13     | Killed a centaur warrior
 15513 | D:13     | Noticed a boulder beetle
 15525 | D:13     | Killed a boulder beetle
 15526 | D:13     | Reached skill level 12 in Staves
 15600 | D:13     | Identified the +2 robe "Udiuwe" {Rampage Dex+4}
 15664 | D:13     | Noticed a centaur warrior
 15669 | D:13     | Killed a centaur warrior
 15715 | D:13     | Identified the +9 long sword "Caab" {vorpal, Int+4 Stlth+}
 16017 | D:13     | Noticed a centaur warrior
 16031 | D:13     | Killed a centaur warrior
 16269 | Lair:1   | Entered Level 1 of the Lair of Beasts
 16319 | Orc:1    | Entered Level 1 of the Orcish Mines
 16319 | Orc:1    | Noticed Harold
 16333 | Orc:1    | Slain by an ogre

Illustrated notes

Levels and vault maps discovered:
D:1:      giann_forest_graveyard, layout_loops_ring, nicolae_figureground_pulse
D:2:      layout_basic, basic_ecumenical_altar, minmay_misc_feat_iff,
          minmay_pentomino_r2
D:3:      layout_loops_cross, grunt_decor_arrowhead, kennysheep_boxes
D:4:      layout_gridville, old_standard_altar,
          mainiacjoe_overflow_catwalk_spiral, chequers_serial_rivers_micro_a,
          abandoned_shop, nrook_campfire
D:5:      layout_loops_ring, slow_altar_2, grunt_dithmenos_shadows,
          marbit_many_paths, uniq_grinder
D:6:      layout_basic, gammafunk_temple_overflow_elements,
          ebering_ghost_sewer_f, uniq_menkaure, uniq_edmund, uniq_sigmund
D:7:      layout_rooms, lemuel_tele_altar, nzn_wu_jian_council_hall,
          minmay_temple_entry_glass, serial_shops, nicolae_diamond_shop
D:8:      layout_basic, gammafunk_temple_overflow_pools, enter_ossuary_1,
          uniq_maggie
D:9:      layout_basic, kennysheep_little_box, minmay_lair_entry_grove,
          orc_0_dummy, statue_in_the_mist_lemuel
D:10:     layout_irregular_city, grunt_temple_overflow_order_and_chaos_1,
          general_overflow_altar, ebering_ghost_gozag, bh_circular_ruins
D:11:     layout_small_grid
D:12:     layout_loops_ring, gauntlet_entry_generic
D:13:     layout_irregular_city
D:14:     layout_cave_pods, ximxim_vaults_locker_room, okawaru_trees_2
Temple:   nicolae_temple_two_arcs
Lair:1:   layout_loops_ring
Orc:1:    layout_caves, uniq_harold

Skill      XL: |  1  2  3  4  5  6  7  8  9 10 11 12 |
---------------+-------------------------------------+-----
Dodging        | 3 4 |  4.2
Throwing       | 2 |  2.2
Axes           | 3 |  3.1
Staves         | 1 2 3 4 5 7 9 10 11 12 | 12.3
Armour         | 1 2 3 4 6 7 8 |  8.4
Fighting       | 3 4 5 6 7 8 |  8.6
Shields        | 1 2 4 6 |  6.3
Stealth        | 1 |  1.9
Invocations    | 3 6 8 |  8.2
Evocations     | 2 5 6 |  6.3
Maces & Flails | |  0.3

Action                   |  1- 3 |  4- 6 |  7- 9 | 10-12 || total
-------------------------+-------+-------+-------+-------++-------
Melee: War axe           |    28 |       |       |       ||    28
       Lajatang          |    71 |   106 |   274 |   380 ||   831
       Headbutt          |       |       |    41 |    88 ||   129
       Flail             |       |       |       |     8 ||     8
Throw: Javelin           |     2 |       |     1 |       ||     3
       Stone             |     1 |       |       |       ||     1
       Boomerang         |       |       |     3 |       ||     3
       Dart              |       |       |       |    10 ||    10
Invok: Elemental Force   |       |       |       |     2 ||     2
Evoke: Tin of tremorston |       |       |       |     2 ||     2
  Use: Scroll            |     8 |     2 |    11 |     8 ||    29
       Potion            |       |     2 |     4 |     2 ||     8
 Stab: Paralysed         |       |       |       |     2 ||     2
Armor: Leather armour    |    17 |       |       |       ||    17
       Ring mail         |    26 |    40 |    16 |       ||    82
       Chain mail        |       |       |    75 |       ||    75
       Plate armour      |       |       |     4 |   215 ||   219
Dodge: Dodged            |    57 |    67 |   131 |   111 ||   366
       Repelled          |       |       |       |     1 ||     1
Block: Other             |       |    42 |    74 |   305 ||   421
       Reflection        |       |     1 |     6 |    15 ||    22
